 Dungeon Crawl Stone Soup version 0.30-a0-779-g7971cf19c3 (webtiles) character file.

Game seed: 14337202943037038857

1190 Newt the Skirmisher (level 8, -3/48 HPs)
             Began as a Kobold Hunter on Feb 17, 2023.
             Slain by Crazy Yiuf
             ... wielding a +4 quarterstaff of chaos
              (13 damage)
             ... on level 5 of the Dungeon.
             The game lasted 00:05:40 (6095 turns).

Newt the Skirmisher (Kobold Hunter)                 Turns: 6095, Time: 00:05:41

Health: -3/48      AC:  8    Str:  9    XL:     8   Next: 71%
Magic:  8/8        EV: 23    Int:  8    God:
Gold:   1012       SH:  7    Dex: 20    Spells: 7/7 levels left

rFire   . . .      SeeInvis .    s - +0 sling
rCold   . . .      Faith    .    r - +3 buckler "Lycapn" {Regen+ Int-2 Slay+2}
rNeg    . . .      Spirit   .    d - +3 leather armour
rPois   .          Reflect  .    (no helmet)
rElec   .          Harm     .    (no cloak)
rCorr   .          Rampage  .    e - +1 pair of gloves
Will    .....                    (no boots)
Stlth   +++                      (no amulet)
HPRegen 1.08/turn                (no ring)
MPRegen 0.11/turn                (no ring)

@: agile
A: small, no large weapons, nightstalker 3
a: no special abilities


You were on level 5 of the Dungeon.
You visited 2 branches of the dungeon, and saw 6 of its levels.

You collected 1012 gold pieces.

Inventory:

Hand Weapons
 a - a +0 shortbow
 s - a +0 sling (weapon)
Armour
 c - a +0 leather armour
 d - a +3 leather armour (worn)
 e - a +1 pair of gloves (worn)
 r - the +3 buckler "Lycapn" (worn) {Regen+ Int-2 Slay+2}
   (You acquired it on level 5 of the Dungeon)

   Int:       It affects your intelligence (-2).
   Slay:      It affects your accuracy & damage with ranged weapons and melee
   (+2).
   Regen:     It increases your rate of health regeneration.
Wands
 n - a wand of roots (11)
 p - a wand of flame (23)
Scrolls
 b - a scroll of immolation
 j - 2 scrolls of teleportation
 k - a scroll of amnesia
 m - a scroll of poison
Potions
 f - a potion of berserk rage
 g - 2 potions of curing
 h - a potion of attraction
 i - a potion of lignification {unknown}
 l - a potion of haste
 q - a potion of brilliance {unknown}


   Skills:
 + Level 4.6 Fighting
 - Level 10.0 Ranged Weapons
 - Level 8.0 Dodging
 - Level 1.3 Stealth


You had 7 spell levels left.
You didn't know any spells.
Your spell library contained the following spells:

 Spells                   Type           Power      Damage    Failure   Level
 Necrotise                Necr           0%         1d4       67%         1
 Sandblast                Erth           0%         2d4       67%         1
 Slow                     Hex            0%         N/A       67%         1
 Passwall                 Tmut/Erth      0%         N/A       82%         2
 Confusing Touch          Hex            0%         N/A       96%         3
 Stone Arrow              Conj/Erth      0%         3d7       96%         3
 Vampiric Draining        Necr           0%         2d6       96%         3
 Agony                    Necr           0%         N/A       100%        5


Dungeon Overview and Level Annotations

Branches:
Dungeon (5/15)             Temple (1/1) D:5

Altars:
Ashenzari
Cheibriados
Fedhas
Gozag
Kikubaaqudgha
Makhleb
Nemelex Xobeh
Ru
Trog
Uskayaw
Vehumet
Wu Jian
Xom
Zin
The Shining One

Annotations:
D:4 1 transporter, billybob123456's ghost, amateur AtFi
D:5 Crazy Yiuf


Innate Abilities, Weirdness & Mutations

You are small and have problems with some larger weapons.
You are completely attuned to the shadows.


Message History

No reachable target in view!
No reachable target in view!
No reachable target in view!
You open the door.
Crazy Yiuf shouts!
You shoot a sling bullet.
The sling bullet barely misses Crazy Yiuf.
Crazy Yiuf laughs, "Dawk alas blue!"
You shoot a sling bullet. The sling bullet hits Crazy Yiuf.
Crazy Yiuf is lightly wounded.
You shoot a sling bullet. The sling bullet hits Crazy Yiuf!
Crazy Yiuf is heavily wounded.
Crazy Yiuf misses you.
You shoot a sling bullet.
The sling bullet barely misses Crazy Yiuf.
Crazy Yiuf hits you with a +4 quarterstaff of chaos!
Crazy Yiuf draws strength from your wounds!
Crazy Yiuf hits you with a +4 quarterstaff of chaos!
You shoot a sling bullet. The sling bullet hits Crazy Yiuf.
Crazy Yiuf is moderately wounded.
You block Crazy Yiuf's attack.
You shoot a sling bullet.
The sling bullet hits Crazy Yiuf but does no damage.
Crazy Yiuf is moderately wounded.
Crazy Yiuf hits you with a +4 quarterstaff of chaos!
Crazy Yiuf freezes you.
You are too injured to fight recklessly!
You are too injured to fight recklessly!
You shoot a sling bullet. The sling bullet hits Crazy Yiuf!
Crazy Yiuf is severely wounded.
Crazy Yiuf hits you with a +4 quarterstaff of chaos!
* * * LOW HITPOINT WARNING * * *
You feel agile all of a sudden.
You shoot a sling bullet. The sling bullet hits Crazy Yiuf.
Crazy Yiuf is severely wounded.
You block Crazy Yiuf's attack.
You shoot a sling bullet. The sling bullet hits Crazy Yiuf.
Crazy Yiuf is almost dead.
Crazy Yiuf hits you with a +4 quarterstaff of chaos!
You die...

##.##.#######
...##.# #####.#
#.# ##.### #....#
#....#### ##
#....#..## ###..)
#........####@g...
##........#..##...
#...#...#.### ##
###...#######
#.....# #.##..###
##### #.#...#.#
####.#.#
###.#.#.#.#
#....#.#
..........#
#.####.###


You could see Crazy Yiuf.

Vanquished Creatures
  Edmund (D:4)
  A water moccasin (D:4)
  Pargi (D:4)
  2 black bears
  An ogre (D:5)
  A phantom (D:5)
  A necrophage (D:5)
  4 hounds
  2 orc priests
  Ijyb (D:4)
  Terence (D:2)
  An iguana (D:5)
  2 orc wizards (D:5)
  Robin (D:3)
  4 gnolls (D:2)
  4 adders
  2 worms (D:3)
  2 dart slugs
  12 orcs
  4 endoplasms
  5 giant cockroaches
  17 goblins
  14 hobgoblins
  2 jackals (D:2)
  A quokka (D:3)
  4 ball pythons
  3 bats
  2 frilled lizards
  A kobold (D:1)
  2 rats
99 creatures vanquished.

Notes
Turn   | Place    | Note
-------+----------+-------------------------------------------
     0 | D:1      | Newt the Kobold Hunter began the quest for the Orb.
     0 | D:1      | Reached XP level 1. HP: 12/12 MP: 1/1
   134 | D:1      | Reached XP level 2. HP: 18/18 MP: 2/2
   650 | D:2      | Reached XP level 3. HP: 24/24 MP: 3/3
  1143 | D:2      | Reached XP level 4. HP: 25/29 MP: 4/4
  1148 | D:2      | Reached skill level 6 in Ranged Weapons
  1531 | D:2      | Noticed Terence
  1552 | D:2      | Killed Terence
  1553 | D:2      | Reached XP level 5. HP: 7/33 MP: 5/5
  2158 | D:3      | Reached skill level 7 in Ranged Weapons
  2738 | D:3      | Noticed Robin
  2764 | D:3      | Killed Robin
  2932 | D:3      | Found a sparkling altar of Nemelex Xobeh.
  2943 | D:3      | Found an opulent altar of Gozag.
  2947 | D:3      | Found a bloodstained altar of Trog.
  2952 | D:3      | Found a glowing golden altar of the Shining One.
  3254 | D:4      | Found a transporter.
  3258 | D:4      | Noticed billybob123456's ghost (amateur AtFi)
  3279 | D:4      | Noticed a water moccasin
  3292 | D:4      | Reached skill level 8 in Ranged Weapons
  3292 | D:4      | Reached XP level 6. HP: 32/38 MP: 6/6
  3299 | D:4      | Killed a water moccasin
  3300 | D:4      | Reached skill level 9 in Ranged Weapons
  3575 | D:4      | Noticed Ijyb
  3589 | D:4      | Killed Ijyb
  3590 | D:4      | Reached XP level 7. HP: 15/43 MP: 7/7
  3741 | D:4      | Noticed Edmund
  3748 | D:4      | Killed Edmund
  3749 | D:4      | Reached skill level 10 in Ranged Weapons
  4229 | D:4      | Noticed Pargi
  4248 | D:4      | Killed Pargi
  4249 | D:4      | Reached skill level 5 in Dodging
  4449 | D:5      | Entered Level 5 of the Dungeon
  4458 | D:5      | Reached XP level 8. HP: 48/48 MP: 8/8
  4618 | D:5      | Found a runed translucent door.
  4621 | D:5      | Noticed Crazy Yiuf
  4917 | D:5      | Found a snail-covered altar of Cheibriados.
  4930 | D:5      | Found a staircase to the Ecumenical Temple.
  4986 | Temple   | Entered the Ecumenical Temple
  5443 | D:5      | Identified 2 scrolls of acquirement
  5443 | D:5      | Acquired the +3 buckler "Lycapn" {Regen+ Int-2 Slay+2}
  5597 | D:2      | Acquired 767 gold pieces
  5767 | D:5      | Found a radiant altar of Vehumet.
  6095 | D:5      | Slain by Crazy Yiuf

Illustrated notes

Levels and vault maps discovered:
D:1:      dpeg_arrival_radiant, layout_rooms
D:2:      layout_loops_corners, uniq_terence
D:3:      layout_basic, grunt_temple_overflow_open, uniq_robin
D:4:      cheibrodos_greedy_goblins, layout_rooms, gammafunk_ghost_mausoleum,
          serial_rivers, chequers_serial_rivers_micro_a,
          chequers_serial_rivers_large_a, chequers_serial_rivers_micro_a,
          chequers_serial_rivers_small_a, minmay_cupped, uniq_pargi, uniq_ijyb,
          uniq_edmund
D:5:      layout_basic, cheibriados_altar_1, lemuel_crystal_altar, temple_hall,
          uniq_crazy_yiuf_cottage
Temple:   dpeg_three_leaves_temple

Skill      XL: |  1  2  3  4  5  6  7  8 |
---------------+-------------------------+-----
Fighting       | 3 4 |  4.6
Ranged Weapons | 6 8 9 10 | 10.0
Dodging        | 5 8 |  8.0
Stealth        | |  1.3

Action                     |  1- 3 |  4- 6 |  7- 9 || total
---------------------------+-------+-------+-------++-------
  Melee: Unarmed           |       |       |     4 ||     4
   Fire: Shortbow          |    54 |   127 |   147 ||   328
         Sling             |       |       |    17 ||    17
  Evoke: Wand              |       |       |     2 ||     2
    Use: Scroll            |     2 |     9 |     3 ||    14
         Potion            |       |     3 |       ||     3
 Armour: Leather armour    |     6 |    31 |    46 ||    83
  Dodge: Dodged            |    22 |    77 |   115 ||   214
  Block: Buckler           |       |       |     4 ||     4

Table legend: (Time is in decaauts)
 A = Elapsed time spent in this place.
 B = Non-inter-level travel time spent in this place.
 C = Inter-level travel time spent in this place.
 D = Time resting spent in this place.
 E = Time spent auto-exploring this place.
 F = Levels seen in this place.
 G = Mean time per level.
                   A        B        C        D        E       F      G
               +--------+--------+--------+--------+--------+-----+--------+
         Total |   6146 |   5808 |    338 |   1249 |   3892 |   6 | 1024.3 |
       Dungeon |   6059 |   5736 |    323 |   1249 |   3829 |   5 | 1211.8 |
        Temple |     87 |     72 |     15 |      0 |     63 |   1 |   87.0 |
               +--------+--------+--------+--------+--------+-----+--------+

Top non-repeatable levels by time:
     D:2: 1494 daAuts
     D:5: 1372 daAuts
     D:4: 1330 daAuts
     D:3: 1253 daAuts
     D:1: 608 daAuts
  Temple: 87 daAuts
